 Dungeon Crawl Stone Soup version 0.30-a0-218-gedb9141078 (webtiles) character file.

Game seed: 5864951097615580913

45 IdlyInterested the Chopper (level 3, -8/28 HPs)
             Began as a Demonspawn Wanderer on Oct 5, 2022.
             Killed by nerve-wracking pain
             ... invoked by Jessica
              (14 damage)
             ... on level 3 of the Dungeon.
             The game lasted 00:08:23 (1984 turns).

IdlyInterested the Chopper (Demonspawn Wanderer)    Turns: 1984, Time: 00:08:24

Health: -8/28      AC:  3    Str: 15    XL:     3   Next: 42%
Magic:  4/4        EV: 11    Int: 11    God:
Gold:   109        SH:  0    Dex: 13    Spells: 4/4 levels left

rFire   . . .      SeeInvis .    k - +0 war axe
rCold   . . .      Faith    .    (no shield)
rNeg    . . .      Spirit   .    e - +0 leather armour
rPois   .          Reflect  .    (helmet restricted)
rElec   .          Harm     .    (no cloak)
rCorr   .          Rampage  .    (no gloves)
Will    .....                    (no boots)
Stlth   +.........               (no amulet)
HPRegen 0.24/turn                (no ring)
MPRegen 0.09/turn                (no ring)

@: no status effects
A: antennae 1
a: no special abilities


You were on level 3 of the Dungeon.
You visited 1 branch of the dungeon, and saw 3 of its levels.

You collected 109 gold pieces.

Inventory:

Hand Weapons
 a - a +2 hand axe
 c - a +0 dagger
 g - a +0 flail
 h - a +0 falchion
 k - a +0 war axe (weapon)
Missiles
 b - 12 poisoned darts (quivered)
Armour
 e - a +0 leather armour (worn)
Magical Staves
 n - a staff of cold
Jewellery
 u - a ring of fire
Wands
 t - a wand of mindburst (12)
Scrolls
 d - a scroll of summoning
 i - a scroll of immolation
Potions
 f - 2 potions of flight {unknown}
 j - a potion of resistance
 m - 2 potions of heal wounds
 o - a potion of berserk rage
 q - a potion of attraction
 r - a potion of curing
 s - a potion of haste


   Skills:
 * Level 2.9 Fighting
 - Level 3.6 Axes
 - Level 1.0 Throwing
 - Level 1.0 Armour
 - Level 1.0 Dodging
 + Level 0.8 Stealth
 - Level 1.0 Spellcasting
 - Level 1.7 Transmutations


You had 4 spell levels left.
You didn't know any spells.
Your spell library contained the following spells:

 Spells                   Type           Power      Damage    Failure   Level
 Wereblood                Tmut           4%         N/A       28%         2
 Passwall                 Tmut/Erth      1%         N/A       38%         2


Dungeon Overview and Level Annotations

Branches:
Dungeon (3/15)

Altars:

Shops:
D:1 [[[:

Annotations:
D:3 Jessica


Innate Abilities, Weirdness & Mutations

You have a pair of small antennae on your head.


Message History

You miss the kobold. The kobold hits you with a +0 flail. x2
You miss the kobold. The kobold hits you with a +0 flail.
You barely miss the kobold. The kobold misses you.
You hit the kobold.
You kill the kobold!
Things that are here:
a +0 flail; a scroll of immolation; a kobold corpse You start resting.
HP restored.
g - a +0 flail;
i - a scroll of immolation Done exploring.
Done exploring.
You see here a kobold corpse.
There is a stone staircase leading down here.
You see here a +0 helmet.
There is a stone staircase leading down here.
You climb downwards.
You hear the sound of rushing water.
There is an entrance to a sewer on this level.
Hurry and find it before the portal rusts away!
The kobold shouts!
There is a stone staircase leading up here.
Jessica shouts!
Jessica mumbles some strange words.
Jessica seems to speed up.
You barely miss Jessica. Jessica hits you with a +0 club.
Jessica closely misses you.
You hit Jessica but do no damage. Jessica hits you with a +0 club!
Jessica closely misses you.
You hit Jessica.
Jessica is moderately wounded.
Jessica looks very angry.
Jessica hits you with a +0 club. x2
You hit Jessica.
Jessica is heavily wounded.
Jessica hits you with a +0 club.
* * * LOW HITPOINT WARNING * * *
Jessica casts a spell at you. Pain shoots through your body!
Ouch! That really hurt!
You die...

...#
#..#
#..#
##.<#
#...#
##..#
#K.#
#..#
#@##
#.@#
+.##
.# ##


You could see Jessica (fast) and a kobold.

Vanquished Creatures
  2 dart slugs
  7 endoplasms
  2 giant cockroaches
  4 goblins (D:2)
  2 hobgoblins
  2 jackals (D:1)
  4 kobolds
  3 quokkas
  3 ball pythons (D:2)
  2 bats (D:1)
  2 frilled lizards (D:2)
  2 rats
35 creatures vanquished.

Notes
Turn   | Place    | Note
-------+----------+-------------------------------------------
     0 | D:1      | IdlyInterested the Demonspawn Wanderer began the quest for
                  | the Orb.
     0 | D:1      | IdlyInterested set off with the following items: a +2 hand
                  | axe, 12 poisoned darts, a +0 dagger, a scroll of summoning,
                  | a +0 leather armour; and the following spells available to
                  | memorise: Wereblood, Passwall.
     0 | D:1      | Reached XP level 1. HP: 15/15 MP: 2/2
   209 | D:1      | Found Wenoi's Antique Armour Boutique.
   224 | D:1      | Gained mutation: You have a pair of small antennae on your
                  | head. [demonic ancestry]
   224 | D:1      | Reached XP level 2. HP: 8/22 MP: 3/3
   381 | D:1      | You fall into a shaft and drop 1 floor!
   504 | D:2      | Reached skill level 1 in Armour
   829 | D:1      | Reached XP level 3. HP: 25/28 MP: 4/4
   859 | D:1      | Found Esifeup's Book Shop.
   912 | D:1      | Found Qeud's Armour Shop.
   980 | D:1      | Found Gejeom's Armour Emporium.
  1975 | D:3      | Noticed Jessica
  1984 | D:3      | Killed from afar by Jessica

Illustrated notes

Levels and vault maps discovered:
D:1:      dpeg_arrival_simpleton_b, layout_loops_cross, serial_shops,
          nicolae_shop_crystal, nicolae_shop_behind_doors,
          nicolae_shop_behind_doors, shop, chequers_serial_rivers_large_b,
          minivault_5
D:2:      layout_rooms
D:3:      layout_loops_ring, dreamdust_ecumenical_altar_angels_and_demons,
          gup_sewer_entry_bowl, minivault_26, uniq_jessica,
          uniq_crazy_yiuf_cottage, uniq_grinder

Skill      XL: |  1  2 |
---------------+-------+-----
Fighting       | 2 |  2.9
Armour         | 1 |  1.0
Axes           | |  3.6
Throwing       | |  1.0
Dodging        | |  1.0
Stealth        | |  0.8
Spellcasting   | |  1.0
Transmutations | |  1.7

Action                   || total
-------------------------++-------
Melee: Hand axe          ||    75
       War axe           ||    31
Throw: Stone             ||     4
  Use: Scroll            ||    11
 Stab: Sleeping          ||     1
Armor: Leather armour    ||    23
Dodge: Dodged            ||    70

Table legend: (Time is in decaauts)
 A = Elapsed time spent in this place.
 B = Non-inter-level travel time spent in this place.
 C = Inter-level travel time spent in this place.
 D = Time resting spent in this place.
 E = Time spent auto-exploring this place.
 F = Levels seen in this place.
 G = Mean time per level.
                   A        B        C        D        E       F      G
               +--------+--------+--------+--------+--------+-----+--------+
         Total |   2030 |   1803 |    227 |    350 |   1010 |   3 |  676.7 |
       Dungeon |   2030 |   1803 |    227 |    350 |   1010 |   3 |  676.7 |
               +--------+--------+--------+--------+--------+-----+--------+

Top non-repeatable levels by time:
     D:1: 1434 daAuts
     D:2: 587 daAuts
     D:3: 9 daAuts
